 Dungeon Crawl Stone Soup version 0.32-a0-612-g1c984fe9d1 (webtiles) character file.

Game seed: 17718586165493157448

13990 petercordia2 the Skirmisher (level 12, -1/92 HPs)
             Began as a Coglin Artificer on Mar 4, 2024.
             Was an Elder of Okawaru.
             Killed from afar by a molten gargoyle (19 damage)
             ... with a bolt of magma
             ... in a volcano.
             The game lasted 00:42:43 (14087 turns).

petercordia2 the Skirmisher (Coglin Artificer)     Turns: 14087, Time: 00:42:44

Health: -1/92      AC: 12    Str: 13    XL:     12   Next: 11%
Magic:  13/17      EV: 14    Int: 11    God:    Okawaru [****..]
Gold:   829        SH:  0    Dex: 19    Spells: 15/17 levels left

rFire   + . .        l - +0 sling {Ekveer}
rCold   . . .        p - +0 sling {Hidetaka}
rNeg    . . .        F - +2 leather armour {rF+}
rPois   .            g - +1 helmet
rElec   .            (no cloak)
rCorr   .            v - +2 pair of gloves
SInv    .            N - +0 pair of boots
Will    .....        (amulet unavailable)
Stlth   +++          (ring unavailable)
HPRegen 0.35/turn    (ring unavailable)
MPRegen 0.15/turn    (no gizmo)

%: no passive effects
@: revved
A: off-hand wielding, slow wielding, warmup strikes, no jewellery
a: Invent Gizmo, Renounce Religion, Heroism, Finesse


You were in a volcano.
You worshipped Okawaru.
Okawaru was greatly pleased with you.
You visited 2 branches of the dungeon, and saw 12 of its levels.
You also visited: Volcano.

You collected 829 gold pieces.

Inventory:

Hand Weapons
 l - a +0 sling (weapon) {Ekveer}
 p - a +0 sling (offhand) {Hidetaka}
Missiles
 f - 7 boomerangs
 m - 10 poisoned darts
 J - 2 curare-tipped darts
 Q - a silver javelin
 R - 6 javelins
 S - 4 atropa-tipped darts
Armour
 g - a +1 helmet (worn)
 n - a +2 hat
 v - a +2 pair of gloves (worn)
 F - a +2 leather armour of fire resistance (worn)
 N - a +0 pair of boots (worn)
Wands
 c - a wand of flame (43)
 d - a wand of warping (10)
 e - a wand of iceblast (4)
 s - a wand of mindburst (7)
 D - a wand of light (3)
 M - a wand of paralysis (17)
Scrolls
 a - 6 scrolls of teleportation {=Tele, unknown}
 b - 2 scrolls of enchant armour {unknown}
 i - a scroll of silence
 j - a scroll of fog
 k - a scroll of immolation
 o - 3 scrolls of fear {unknown}
 q - a scroll of torment
 t - 2 scrolls of revelation {unknown}
 u - a scroll of blinking
 y - 2 scrolls of enchant weapon
 B - 2 scrolls of poison {unknown}
 G - 3 scrolls of amnesia {unknown}
 I - a scroll of vulnerability
Potions
 r - 3 potions of magic
 w - a potion of heal wounds
 x - 3 potions of enlightenment
 z - a potion of haste {unknown}
 A - a potion of berserk rage {unknown}
 C - 2 potions of resistance {unknown}
 E - a potion of might {unknown}
 H - 2 potions of curing
 K - a potion of lignification
 O - 2 potions of mutation {unknown}


   Skills:
 * Level 8.0 Fighting
 * Level 11.8 Ranged Weapons
 * Level 4.3 Armour
 * Level 5.0 Dodging
 * Level 4.2 Stealth
 * Level 3.4 Spellcasting
 * Level 4.1 Translocations
 * Level 3.5 Invocations
 * Level 5.8 Evocations


You had 15 spell levels left.
You knew the following spells:

 Your Spells              Type           Power      Damage    Failure   Level
b - Blink                 Tloc           22%        N/A       9%          2

Your spell library contained the following spells:

 Spells                   Type           Power      Damage    Failure   Level
 Magic Dart               Conj           4%         1d3       30%         1
 Shock                    Conj/Air       4%         1d3       30%         1
 Ensorcelled Hibernation  Hex/Ice        2%         N/A       43%         2
 Searing Ray              Conj           2%         2d4       43%         2
 Sublimation of Blood     Necr           1%         N/A       43%         2
 Passwall                 Erth           1%         N/A       67%         3
 Stone Arrow              Conj/Erth      2%         3d7       67%         3
 Swiftness                Air            1%         N/A       67%         3
 Airstrike                Air            0%         2d(1-17)  97%         4
 Fulminant Prism          Conj/Alch      0%         3d5       97%         4
 Petrify                  Alch/Erth      1%         N/A       97%         4
 Irradiate                Conj/Alch      0%         3d11      100%        5
 Lehudib's Crystal Spear  Conj/Erth      0%         10d2      100%        8
 Call Imp                 Summ           Unusable   N/A       N/A         2
 Animate Armour           Summ/Erth      Unusable   N/A       N/A         4

Dungeon Overview and Level Annotations

Branches:
Dungeon (10/15)            Temple (0/1) D:6            Lair (2/5) D:10
Volcano (1/1)
  Swamp: Lair:2-3    Shoals: Lair:2-3     Snake: Lair:2-3    Spider: Lair:2-3
    Orc: D:9-12

Altars:
Dithmenos
Elyvilon
Okawaru

Shops:
D:8 (

Annotations:
D:3 Terence
D:6 diggy vault


Innate Abilities, Weirdness & Mutations

You can wield a second weapon in your off-hand.
It takes a long time for you to wield or remove held weapons.
Your first few attacks do less damage.
You cannot equip rings or amulets.


Message History

The sling bullet hits the molten gargoyle but does no damage.
The molten gargoyle is heavily damaged.
You shoot a sling bullet.
The sling bullet hits the molten gargoyle but does no damage.
The molten gargoyle is heavily damaged.
Fire: l) +0 sling {Ekveer}
Press: ? - help, Shift-Dir - straight line, f/p - molten gargoyle
Aim: a molten gargoyle, wielding a +0 flail of protection (heavily damaged, 80% to hit)
You shoot a sling bullet.
The sling bullet closely misses the molten gargoyle.
You shoot a sling bullet.
The sling bullet hits the molten gargoyle but does no damage.
The molten gargoyle is heavily damaged.
You feel like a meek peon again.
The molten gargoyle blasts magma at you!
The bolt of magma hits you! You partially resist.
* * * LOW HITPOINT WARNING * * *
Unknown command.
Fire: l) +0 sling {Ekveer}
Press: ? - help, Shift-Dir - straight line, f/p - molten gargoyle
Aim: a molten gargoyle, wielding a +0 flail of protection (heavily damaged, 77% to hit)
You shoot a sling bullet.
The sling bullet hits the molten gargoyle but does no damage.
The molten gargoyle is heavily damaged.
You shoot a sling bullet.
The sling bullet hits the molten gargoyle.
The molten gargoyle is heavily damaged.
Aiming: Paralyse
Press: ? - help, Shift-Dir - straight line, f/p - molten gargoyle
Aim: a molten gargoyle, wielding a +0 flail of protection (heavily damaged, chance to affect: 28%)
Okay, then.
Aiming: Bolt of Light
Press: ? - help, Shift-Dir - straight line, f/p - molten gargoyle
Aim: a molten gargoyle, wielding a +0 flail of protection (heavily damaged, 84% to hit)
The bolt of light hits the molten gargoyle but does no damage.
The molten gargoyle is heavily damaged.
Your graspers slow down.
The molten gargoyle blasts magma at you!
The bolt of magma hits you!! You partially resist.
You die...

...≈§≈§§≈≈≈≈≈≈§§≈§§§...≈≈§≈≈§≈§§§
..≈≈§§≈§≈≈§≈≈≈≈≈§§§§§.≈§≈§§≈≈§≈≈§
§≈≈≈≈§§≈≈§≈§§≈§≈≈≈§§§≈§≈§§§≈≈≈§≈≈
≈§≈§≈≈§≈≈≈≈≈≈≈§§≈§§§§≈§§≈§§§≈≈§≈≈
§§≈≈≈≈≈≈§≈≈≈≈≈§≈≈≈≈≈≈§≈§≈§§§≈≈§≈≈
§§≈..≈§≈.§§≈§≈§≈≈≈.≈≈§§§§≈≈≈§≈§≈≈
.§.≈§§§§..§.§.........§. ≈§≈≈§§ ≈
§≈§≈≈§≈§########+#######
≈≈≈≈§≈≈.# #@# ≈≈≈≈≈§≈.# #)#
≈≈§≈≈≈§.# #9# §≈≈≈§≈≈.# #.#
§≈≈≈≈≈≈.# #$# §≈≈§≈≈≈.# #.#
≈≈≈§§≈≈.# ###'### #)))..# #.ß_ß.#


You could see a molten gargoyle.

Vanquished Creatures
  A centaur warrior (Volcano)
  3 two-headed ogres
  A hell knight (Volcano)
  Urug (Lair:1)
  A cane toad (Lair:1)
  Maggie (D:9)
  A gargoyle (D:10)
  2 yaktaurs (Volcano)
  An unseen horror (D:10)
  2 polar bears (Lair:1)
  4 blink frogs (Lair:1)
  Sigmund (D:4)
  2 wyverns (Lair:1)
  2 fire bats (Volcano)
  A wraith (D:9)
  A steam dragon (D:10)
  A basilisk (D:10)
  16 yaks
  3 water moccasins
  An orc warrior (D:8)
  2 black bears
  2 ice beasts
  An ogre (D:5)
  5 centaurs
  3 kobold brigands
  10 bullfrogs
  Blork the orc (D:6)
  3 gnoll sergeants
  4 scorpions
  6 killer bees (D:7)
  2 howler monkeys (D:7)
  3 lava snakes (Volcano)
  2 gnoll boudas
  A sleepcap (D:4)
  4 orc priests
  A hound (D:5)
  A jelly (D:7)
  Jessica (D:3)
  Ijyb (D:3)
  9 orc wizards
  Natasha (twice) (D:2)
  An iguana (D:6)
  A hell rat (D:10)
  27 gnolls
  9 adders
  2 river rats (D:10)
  4 white imps
  A dart slug (D:2)
  A ribbon worm (D:2)
  34 orcs
  4 ball pythons
  6 bats
  4 endoplasms
  A giant cockroach (D:1)
  8 goblins
  5 hobgoblins
  3 jackals (D:1)
  16 kobolds
  6 quokkas
  4 frilled lizards
  3 rats
250 creatures vanquished.

Vanquished Creatures (others)
  A molten gargoyle (Volcano)
1 creature vanquished.

Grand Total: 251 creatures vanquished

Notes
Turn   | Place    | Note
-------+----------+-------------------------------------------
     0 | D:1      | petercordia2 the Coglin Artificer began the quest for the
                  | Orb.
     0 | D:1      | Reached XP level 1. HP: 15/15 MP: 1/1
   223 | D:1      | Reached XP level 2. HP: 18/22 MP: 2/2
  1032 | D:2      | Reached XP level 3. HP: 28/28 MP: 3/3
  1275 | D:2      | Reached XP level 4. HP: 37/37 MP: 4/4
  1317 | D:2      | Noticed Natasha
  1320 | D:2      | Killed Natasha
  1448 | D:2      | Noticed Natasha
  1451 | D:2      | Killed Natasha
  1728 | D:3      | Noticed Jessica
  1738 | D:3      | Killed Jessica
  1739 | D:3      | Reached XP level 5. HP: 30/43 MP: 5/5
  1833 | D:3      | Reached skill level 5 in Fighting
  1835 | D:3      | Noticed Terence
  1855 | D:4      | Reached skill level 1 in Dodging
  1982 | D:3      | Found a shadowy altar of Dithmenos.
  1982 | D:3      | Found an iron altar of Okawaru.
  1985 | D:3      | Found a white marble altar of Elyvilon.
  1993 | D:3      | Became a worshipper of Warmaster Okawaru
  2479 | D:4      | Reached XP level 6. HP: 51/51 MP: 6/6
  2656 | D:3      | Noticed Ijyb
  2695 | D:3      | Killed Ijyb
  2865 | D:3      | Learned a level 2 spell: Blink
  3074 | D:4      | Noticed Sigmund
  3082 | D:4      | Killed Sigmund
  3082 | D:4      | Reached * piety under Okawaru
  3083 | D:4      | Reached skill level 3 in Ranged Weapons
  3083 | D:4      | Reached XP level 7. HP: 44/56 MP: 7/7
  3769 | D:5      | Entered Level 5 of the Dungeon
  4111 | D:5      | Reached skill level 4 in Ranged Weapons
  4287 | D:5      | Reached skill level 5 in Ranged Weapons
  4564 | D:5      | Reached XP level 8. HP: 62/62 MP: 8/8
  4649 | D:6      | Noticed a two-headed ogre
  4662 | D:5      | Reached skill level 6 in Ranged Weapons
  4886 | D:6      | Found a staircase to the Ecumenical Temple.
  4916 | D:6      | Noticed a yak
  4917 | D:6      | Noticed a yak
  4919 | D:6      | Reached skill level 7 in Ranged Weapons
  4983 | D:6      | Noticed Blork the orc
  5071 | D:6      | Reached skill level 1 in Stealth
  5143 | D:6      | Noticed a yak
  5173 | D:6      | Killed a yak
  5178 | D:6      | Killed a yak
  5178 | D:6      | Reached ** piety under Okawaru
  5189 | D:6      | Killed a yak
  5190 | D:6      | Reached skill level 1 in Invocations
  5190 | D:6      | Reached XP level 9. HP: 19/68 MP: 9/9
  5388 | D:6      | Killed Blork the orc
  5773 | D:6      | Reached skill level 8 in Ranged Weapons
  6020 | D:6      | Killed a two-headed ogre
  6020 | D:6      | Reached *** piety under Okawaru
  6021 | D:6      | Reached skill level 1 in Translocations
  6144 | D:7      | Reached skill level 1 in Spellcasting
  6575 | D:7      | Reached skill level 9 in Ranged Weapons
  7109 | D:7      | Reached XP level 10. HP: 74/76 MP: 12/12
  7467 | D:8      | Reached **** piety under Okawaru
  8214 | D:8      | Found Qeonarih's Antique Weapon Shoppe.
  8632 | D:9      | HP: 3/77 [gnoll/+2 flail of protection[a gnoll sergeant]
                  | (3)]
  9100 | D:9      | Reached skill level 10 in Ranged Weapons
  9462 | D:9      | Noticed Maggie
  9480 | D:9      | Killed Maggie
 10112 | D:10     | Entered Level 10 of the Dungeon
 10112 | D:10     | Found a staircase to the Lair.
 10117 | D:10     | Reached XP level 11. HP: 81/83 MP: 14/14
 10206 | D:10     | Noticed a two-headed ogre
 10269 | D:10     | Reached ***** piety under Okawaru
 10647 | D:10     | Noticed a two-headed ogre
 10886 | D:9      | Killed a two-headed ogre
 11146 | D:10     | Reached skill level 5 in Evocations
 11408 | D:10     | Killed a two-headed ogre
 11409 | D:10     | Reached skill level 11 in Ranged Weapons
 11516 | Lair:1   | Entered Level 1 of the Lair of Beasts
 11610 | Lair:1   | Received a gift from Okawaru
 11952 | Lair:1   | Noticed Urug
 11975 | Lair:1   | Killed Urug
 13529 | Lair:2   | Found a dark tunnel.
 13538 | Volcano  | Entered a volcano
 13786 | Volcano  | Found a burning altar of Makhleb.
 13786 | Volcano  | Noticed a centaur warrior
 13802 | Volcano  | Killed a centaur warrior
 13815 | Volcano  | Reached XP level 12. HP: 47/92 MP: 10/17
 13816 | Volcano  | Noticed a hell knight
 13837 | Volcano  | Reached skill level 5 in Dodging
 14069 | Volcano  | Killed a hell knight
 14087 | Volcano  | Killed from afar by a molten gargoyle

Illustrated notes

Levels and vault maps discovered:
D:1:      sevenhm_arrival_forest_fort_small_6, layout_basic
D:2:      layout_basic, uniq_natasha
D:3:      layout_loops_corners, nicolae_overflow_hidden_temple,
          minmay_misc_feat_enclosed, dreamdust_princess_bridge, uniq_terence,
          uniq_jessica, uniq_ijyb
D:4:      layout_basic, uniq_sigmund
D:5:      layout_cave_pools
D:6:      layout_cave_pools, minmay_temple_entry_wispy, lightli_corner_chamber,
          uniq_blork_the_orc
D:7:      layout_rooms, grunt_decor_junction, minivault_23, grunt_ministairs_2,
          kennysheep_boxes
D:8:      layout_loops_ring, serial_shops, shop_coins
D:9:      layout_gridville, uniq_maggie
D:10:     layout_basic, dpeg_lair_monsters
Lair:1:   layout_cave_pods, uniq_urug
Lair:2:   layout_regular_city, spider_nest_entry_webs,
          nicolae_volcano_entry_lava_flow, chequers_serial_rivers_micro_b
Volcano:  volcano_lake [vl_original]

Skill      XL: |  1  2  3  4  5  6  7  8  9 10 11 12 |
---------------+-------------------------------------+-----
Fighting       | 2 3 4 5 6 7 8 |  8.0
Dodging        | 2 3 4 5 |  5.0
Ranged Weapons | 3 5 7 9 10 11 | 11.8
Stealth        | 1 2 3 4 |  4.2
Armour         | 2 3 4 |  4.3
Invocations    | 1 2 3 |  3.5
Translocations | 1 2 4 |  4.1
Spellcasting   | 1 2 3 |  3.4
Evocations     | 5 |  5.8

Action                     |  1- 3 |  4- 6 |  7- 9 | 10-12 || total
---------------------------+-------+-------+-------+-------++-------
  Melee: Long sword        |    49 |       |       |       ||    49
         Dagger            |    46 |       |       |       ||    46
   Fire: Sling             |    60 |   280 |   844 |  1390 ||  2574
  Throw: Dart              |       |       |     4 |    14 ||    18
   Cast: Blink             |       |       |       |     5 ||     5
 Invoke: Heroism           |       |       |     2 |     8 ||    10
         Finesse           |       |       |       |     4 ||     4
  Evoke: Wand              |       |     1 |       |    17 ||    18
    Use: Potion            |       |     5 |     2 |     3 ||    10
         Scroll            |       |       |       |    10 ||    10
 Armour: Leather armour    |    43 |    26 |   148 |   326 ||   543
         Skin              |       |     9 |    61 |       ||    70
  Dodge: Dodged            |    37 |    29 |   155 |   249 ||   470

Table legend: (Time is in decaauts)
 A = Elapsed time spent in this place.
 B = Non-inter-level travel time spent in this place.
 C = Inter-level travel time spent in this place.
 D = Time resting spent in this place.
 E = Time spent auto-exploring this place.
 F = Levels seen in this place.
 G = Mean time per level.
                   A        B        C        D        E       F      G
               +--------+--------+--------+--------+--------+-----+--------+
         Total |  14129 |  12683 |   1446 |   1503 |   8494 |  13 | 1086.8 |
       Dungeon |  11698 |  10549 |   1149 |   1112 |   7236 |  10 | 1169.8 |
          Lair |   1932 |   1635 |    297 |    171 |   1258 |   2 |  966.0 |
       Volcano |    497 |    497 |      0 |    220 |      0 |   1 |  497.0 |
               +--------+--------+--------+--------+--------+-----+--------+

Top non-repeatable levels by time:
     D:9: 2024 daAuts
  Lair:1: 1852 daAuts
     D:6: 1370 daAuts
     D:8: 1288 daAuts
     D:3: 1256 daAuts
     D:4: 1158 daAuts
     D:1: 1025 daAuts
    D:10: 1007 daAuts
     D:7: 1004 daAuts
     D:5: 926 daAuts
     D:2: 635 daAuts
 Volcano: 497 daAuts
  Lair:2: 80 daAuts
